 Dungeon Crawl Stone Soup version 0.30-a0-743-gbfdf073431 (webtiles) character file.

Game seed: 17810502949482356890

6815 bjtr the Geomancer (level 11, 0/56 HPs)
             Began as a Gargoyle Earth Elementalist on Feb 6, 2023.
             Was a Believer of Vehumet.
             Slain by a wight
             ... wielding a +0 halberd
              (2 damage)
             ... on level 9 of the Dungeon.
             The game lasted 00:36:38 (8135 turns).

bjtr the Geomancer (Gargoyle Earth Elementalist)    Turns: 8135, Time: 00:36:39

Health: 0/56       AC: 14    Str: 12    XL:     11   Next: 5%
Magic:  24/24      EV: 11    Int: 20    God:    Vehumet [**....]
Gold:   53         SH:  0    Dex: 10    Spells: 10/29 levels left

rFire   . . .      SeeInvis .    x - +4 quarterstaff (chaos)
rCold   . . .      Faith    .    (shield currently unavailable)
rNeg    + . .      Spirit   .    U - +2 robe {Archmagi}
rPois   ∞          Reflect  .    (no helmet)
rElec   +          Harm     .    K - scarf {shadows}
rCorr   .          Rampage  .    o - +0 pair of gloves
Will    +....      Archmagi +    j - +0 pair of boots
Stlth   ++                       z - amulet of magic regeneration
HPRegen 0.29/turn                p - ring of willpower
MPRegen 0.59/turn                s - +4 ring of slaying

@: no status effects
A: sickness immunity, AC +8, negative energy resistance 1, electricity
resistance, torment resistance 1, petrification resistance
a: Renounce Religion


You were on level 9 of the Dungeon.
You worshipped Vehumet.
Vehumet was pleased with you.
You visited 2 branches of the dungeon, and saw 10 of its levels.

You collected 463 gold pieces.
You spent 410 gold pieces at shops.

Inventory:

Hand Weapons
 q - a +0 sling
 u - a +0 long sword
 w - a +0 rapier
 x - a +4 quarterstaff of chaos (weapon)
 H - a +2 shortbow of flaming
 L - a +2 flail of protection
 M - a +0 glaive
 O - a +1 short sword of draining
Missiles
 y - a curare-tipped dart
 I - 36 poisoned darts
 N - 3 boomerangs of dispersal
Armour
 j - a +0 pair of boots (worn)
 l - a +0 leather armour of cold resistance
 o - a +0 pair of gloves (worn)
 v - a +1 cloak
 K - a scarf of shadows (worn)
 P - a scarf of shadows
 S - a +0 buckler
 U - a +2 robe of the Archmagi (worn)
 W - +0 steam dragon scales
Jewellery
 p - a ring of willpower (left hand)
 s - a +4 ring of slaying (right hand)
 z - an amulet of magic regeneration (around neck)
 B - a ring of flight
 T - a +6 ring of strength
Wands
 a - a wand of polymorph (7)
 J - a wand of iceblast (5)
 X - a wand of paralysis (3)
Scrolls
 d - a scroll of blinking {unknown}
 h - a scroll of brand weapon {unknown}
 i - 2 scrolls of magic mapping
 t - 2 scrolls of enchant armour
 D - a scroll of silence {unknown}
 G - a scroll of fog
 Q - a scroll of torment {unknown}
 R - 2 scrolls of fear
 V - 2 scrolls of poison {unknown}
 Y - a scroll of teleportation
 Z - 2 scrolls of amnesia
Potions
 b - 2 potions of magic
 c - 2 potions of resistance {unknown}
 e - 2 potions of attraction
 f - 10 potions of curing
 g - 3 potions of brilliance
 k - 2 potions of heal wounds
 m - 2 potions of flight
 n - a potion of invisibility
 r - 2 potions of cancellation
 A - 2 potions of haste
 C - 4 potions of might
 E - 2 potions of berserk rage
 F - a potion of ambrosia {unknown}


   Skills:
 + Level 1.1 Fighting
 - Level 3.7 Armour
 - Level 1.5 Dodging
 + Level 2.8 Stealth
 * Level 3.8 Shields
 * Level 9.9 Spellcasting
 + Level 0.6 Conjurations
 - Level 0.7 Transmutations
 * Level 12.9 Earth Magic
 * Level 4.0 Evocations


You had 10 spell levels left.
You knew the following spells:

 Your Spells              Type           Power      Damage    Failure   Level
a - Sandblast             Erth           100%       2d20      1%          1
b - Passwall              Tmut/Erth      45%        N/A       1%          2
c - Stone Arrow           Conj/Erth      100%       3d13      1%          3
d - Petrify               Tmut/Erth      54%        N/A       4%          4
e - Animate Armour        Summ/Erth      100%       N/A       4%          4
f - Dazzling Flash        Conj/Hex       32%        N/A       19%         3
g - Scorch                Fire           28%        2d6       11%         2

Your spell library contained the following spells:

 Spells                   Type           Power      Damage    Failure   Level
 Frozen Ramparts          Ice            28%        1d5       22%         3
 Leda's Liquefaction      Hex/Erth       26%        N/A       4%          4
 Summon Forest            Summ/Tloc      7%         N/A       89%         5
 Eringya's Noxious Bog    Tmut/Pois      8%         N/A       100%        6
 Summon Hydra             Summ           7%         N/A       100%        7


Dungeon Overview and Level Annotations

Branches:
Dungeon (9/15)             Temple (1/1) D:7
   Lair: D:8-11         Orc: D:9-12

Altars:
Ashenzari
Cheibriados
Dithmenos
Elyvilon
Fedhas
Gozag
Hepliaklqana
Kikubaaqudgha
Makhleb
Nemelex Xobeh
Okawaru
Ru
Sif Muna
Trog
Uskayaw
Vehumet
Wu Jian
Xom
Yredelemnul
Zin
The Shining One

Shops:
D:3 :   D:6 ([[   D:8 ?   D:9 (


Innate Abilities, Weirdness & Mutations

You are immune to sickness and miasma.
Your stone body is resilient. (AC +8)
You are immune to poison.
You resist negative energy. (rN+)
You are resistant to electric shocks. (rElec)
You are resistant to unholy torment.
You are immune to petrification.


Message History

You feel a surge of power!
The blast of sand hits the wight but does no damage.
The wight misses you. The wight barely misses you.
Casting: Sandblast (safe; 1% risk of failure)
Confirm with . or Enter, or press ? or * to list all spells.
Aiming: Sandblast (safe; 1% risk of failure)
Press: ? - help, Shift-Dir - straight line, f/p - orc
Aim: an orc, wielding a +0 short sword (85% to hit)
You feel a surge of power!
The blast of sand hits the wight!
You destroy the wight!
Vehumet accepts your kill.
You feel your power returning.
The wight hits you from afar with a +0 halberd!
Casting: Sandblast (safe; 1% risk of failure)
Confirm with . or Enter, or press ? or * to list all spells.
Aiming: Sandblast (safe; 1% risk of failure)
Press: ? - help, Shift-Dir - straight line, f/p - orc
Aim: an orc, wielding a +0 short sword (85% to hit)
You feel a surge of power!
The blast of sand hits the wight!
The wight is almost destroyed.
The wight hits you with a +3 hand axe. The wight barely misses you.
The wight hits you with a +3 hand axe.
The wight hits you from afar with a +0 halberd.
* * * LOW HITPOINT WARNING * * *
Unknown command.
The wight attacks as you move away! The wight hits you with a +3 hand axe!
* * * LOW HITPOINT WARNING * * *
Your animated robe barely misses the wight. x2
Casting: Sandblast (safe; 1% risk of failure)
Confirm with . or Enter, or press ? or * to list all spells.
Aiming: Sandblast (safe; 1% risk of failure)
Press: ? - help, Shift-Dir - straight line, f - wight
Aim: a wight, wielding a +0 halberd and wearing a +0 robe (85% to hit)
You feel a surge of power!
The blast of sand hits the wight!
You destroy the wight!
Vehumet accepts your kill.
You feel your power returning.
Your animated robe hits the wight but does no damage. x2
The wight hits you from afar with a +0 halberd.
You die...

#.#.###<#...##......#
#.#.##..#.#.#.......#
#.#.#...#...#)......#
#.#.#...###.#.#..####
#...#.........#..# ...
##..#............#######>..
#..8.∩.<.8........).......
#.##.........##.#####.....
#.##.......@.##o..###...#.
#.##........)##...........
#######.....[zY.###.....#.
#......######.......
#.....###.........##
#..............z#...
#............Y#z###..
#....########.Y.z..z. ...
###.#o.##


You could see a yak, a wight (ally target) and a friendly animated robe
(summoned).

Vanquished Creatures
  A two-headed ogre (D:9)
  An unseen horror (D:8)
  The ghost of Monkooky the Magician, a novice DjRe of Cheibriados (D:6)
  A shadow (D:9)
  2 vampires
  3 yaks (D:9)
  2 steam dragons
  Menkaure (D:7)
  A water moccasin (D:9)
  2 black bears
  2 orc warriors
  5 ice beasts (D:7)
  3 sky beasts
  3 ogres
  2 centaurs
  2 phantoms
  3 kobold brigands
  3 necrophages
  6 bullfrogs
  2 scorpions
  3 wights
  12 killer bees
  8 howler monkeys
  2 orc priests
  Crazy Yiuf (D:2)
  5 hounds
  Jessica (D:2)
  A gnoll bouda (D:9)
  An iguana (D:4)
  7 orc wizards
  11 adders
  5 gnolls (D:9)
  A shadow imp (D:6)
  A white imp (D:6)
  An ufetubus (D:4)
  2 worms (D:1)
  28 orcs
  4 ball pythons
  4 endoplasms
  9 giant cockroaches (D:3)
  8 goblins
  7 hobgoblins
  3 quokkas
  4 bats
  13 kobolds
  6 rats
194 creatures vanquished.

Vanquished Creatures (collateral kills)
  A killer bee (D:7)
  2 orcs (D:7)
3 creatures vanquished.

Vanquished Creatures (others)
  A fungus (D:2)
1 creature vanquished.

Grand Total: 198 creatures vanquished

Notes
Turn   | Place    | Note
-------+----------+-------------------------------------------
     0 | D:1      | bjtr the Gargoyle Earth Elementalist began the quest for
                  | the Orb.
     0 | D:1      | Reached XP level 1. HP: 10/10 MP: 3/3
   260 | D:1      | Reached skill level 4 in Earth Magic
   260 | D:1      | Reached XP level 2. HP: 15/15 MP: 0/5
   370 | D:1      | Got the Folio of Bolts and the Mesa
   374 | D:1      | Learned a level 2 spell: Passwall
   815 | D:2      | Reached XP level 3. HP: 19/19 MP: 4/6
  1318 | D:2      | Reached skill level 5 in Earth Magic
  1418 | D:2      | Noticed Jessica
  1423 | D:2      | Killed Jessica
  1424 | D:2      | Reached XP level 4. HP: 24/24 MP: 4/8
  1796 | D:2      | Found a runed translucent door.
  1797 | D:2      | Noticed Crazy Yiuf
  1803 | D:2      | Learned a level 3 spell: Dazzling Flash
  1818 | D:2      | Killed Crazy Yiuf
  1958 | D:3      | Reached XP level 5. HP: 28/28 MP: 9/9
  1978 | D:3      | Found Woaquph's Vocational Training.
  2001 | D:3      | Found a glowing silver altar of Zin.
  2097 | D:3      | Found a hazy altar of Hepliaklqana.
  2138 | D:3      | Reached skill level 1 in Armour
  2142 | D:3      | Learned a level 3 spell: Stone Arrow
  2672 | D:4      | Reached skill level 1 in Evocations
  2720 | D:4      | Reached XP level 6. HP: 32/32 MP: 11/11
  2797 | D:4      | Reached skill level 6 in Earth Magic
  3107 | D:4      | Found a shimmering blue altar of Sif Muna.
  3149 | D:5      | Entered Level 5 of the Dungeon
  3176 | D:5      | Reached XP level 7. HP: 7/36 MP: 11/13
  3368 | D:5      | Identified the +1 leather armour of Xaaph {*Corrode Will+
                  | Int+6}
  3759 | D:5      | Reached skill level 7 in Earth Magic
  4126 | D:5      | Found a white marble altar of Elyvilon.
  4126 | D:5      | Found a broken altar of Ashenzari.
  4504 | D:6      | Reached skill level 5 in Spellcasting
  4505 | D:6      | Reached XP level 8. HP: 31/41 MP: 13/15
  4616 | D:6      | Reached skill level 8 in Earth Magic
  4667 | D:6      | Found Orije's Antique Armour Shop.
  4683 | D:6      | Found Conumy's Antique Armour Shop.
  4704 | D:6      | Bought a runed scarf for 200 gold pieces
  4753 | D:6      | Found an ancient bone altar of Kikubaaqudgha.
  4795 | D:6      | Noticed Monkooky's ghost (novice DjRe)
  4805 | D:6      | Found a runed translucent door.
  4981 | D:6      | Found Baatuw's Antique Weapon Boutique.
  5151 | D:6      | Killed Monkooky's ghost
  5152 | D:6      | Reached skill level 9 in Earth Magic
  5287 | D:7      | Found a staircase to the Ecumenical Temple.
  5291 | D:7      | Noticed Menkaure
  5293 | Temple   | Entered the Ecumenical Temple
  5298 | Temple   | Became a worshipper of Vehumet
  5345 | D:7      | Killed Menkaure
  5375 | D:7      | Reached XP level 9. HP: 45/45 MP: 16/18
  5380 | D:7      | Learned a level 4 spell: Petrify
  5385 | D:7      | Learned a level 4 spell: Animate Armour
  5886 | D:7      | Reached skill level 10 in Earth Magic
  6028 | D:7      | Reached skill level 1 in Shields
  6136 | D:7      | Reached * piety under Vehumet
  6136 | D:7      | Offered knowledge of Kiss of Death by Vehumet.
  6265 | D:7      | Reached XP level 10. HP: 26/51 MP: 22/22
  6765 | D:8      | Killed an unseen horror
  6766 | D:8      | Reached skill level 11 in Earth Magic
  6822 | D:8      | Offered knowledge of Scorch by Vehumet.
  6826 | D:8      | Learned a level 2 spell: Scorch
  7027 | D:8      | Reached ** piety under Vehumet
  7072 | D:8      | Found Tyuleile's Magic Scroll Boutique.
  7082 | D:8      | Bought a scroll of fear for 56 gold pieces
  7082 | D:8      | Bought a scroll of identify for 28 gold pieces
  7082 | D:8      | Bought a scroll of identify for 28 gold pieces
  7082 | D:8      | Bought a scroll of teleportation for 42 gold pieces
  7082 | D:8      | Bought a scroll of amnesia for 56 gold pieces
  7542 | D:8      | Found a shadowy altar of Dithmenos.
  7648 | D:9      | Found Wathinn's Weapon Emporium.
  7676 | D:9      | Reached skill level 12 in Earth Magic
  7824 | D:9      | Reached skill level 1 in Fighting
  7834 | D:9      | Noticed a two-headed ogre
  7846 | D:9      | Killed a two-headed ogre
  7928 | D:9      | Offered knowledge of Frozen Ramparts by Vehumet.
  8124 | D:9      | Reached XP level 11. HP: 41/56 MP: 21/24
  8133 | D:9      | HP: 1/56 [wight/+3 hand axe (11)]
  8135 | D:9      | Slain by a wight

Illustrated notes

Levels and vault maps discovered:
D:1:      nzn_arrival_settlement, layout_basic, nicolae_wormholes
D:2:      layout_loops_ring, minmay_tromino_v4_b, uniq_jessica,
          uniq_crazy_yiuf_cottage
D:3:      minmay_roachtagon, layout_loops_ring, lemuel_crystal_altar,
          mainiacjoe_overflow_cross_hatched, nicolae_shop_vocational
D:4:      layout_cave_pools, lemuel_blue_sif_altar, serial_park_tiny_pond
D:5:      layout_basic, minitemple, serial_bayou_lagoon_b
D:6:      layout_rooms, lemuel_doored_altar, hellmonk_ghost_happy_afterlife,
          serial_shops, nicolae_lakefront_shop, shop, kennysheep_small_square
D:7:      layout_loops_corners, minmay_temple_entry_trees, nzn_random_ring,
          uniq_menkaure
D:8:      layout_cave_pods, overflow_temple_1_default, serial_shops,
          nicolae_shop_waterfront, minmay_liquid_box
D:9:      layout_rooms, mainiacjoe_overflow_surrounded_room, serial_glass,
          glass_columns_b, glass_columns_a, feat_on_display,
          due_unseen_surprise, serial_shops, nicolae_lakefront_shop, shop,
          kennysheep_mini_moat, shop_statue, minmay_misc_feat_alley,
          corexii_leaking_fountain, library_closet, hangedman_minor_gate_pass
Temple:   nicolae_temple_ecumenical_triangle

Skill      XL: |  1  2  3  4  5  6  7  8  9 10 |
---------------+-------------------------------+-----
Earth Magic    | 4 5 6 7 9 10 12 | 12.9
Spellcasting   | 3 4 5 6 8 9 |  9.9
Armour         | 1 2 3 |  3.7
Evocations     | 1 2 3 4 |  4.0
Shields        | 2 3 |  3.8
Fighting       | 1 |  1.1
Dodging        | |  1.5
Stealth        | |  2.8
Conjurations   | |  0.6
Transmutations | |  0.7

Action                     |  1- 3 |  4- 6 |  7- 9 | 10-12 || total
---------------------------+-------+-------+-------+-------++-------
  Melee: Mace              |     4 |    18 |       |       ||    22
         Quarterstaff      |       |    24 |    30 |     8 ||    62
         Punch             |       |     2 |       |       ||     2
   Cast: Sandblast         |    40 |    56 |   111 |    89 ||   296
         Stone Arrow       |       |       |     7 |    11 ||    18
         Animate Armour    |       |       |     4 |     2 ||     6
         Petrify           |       |       |       |     1 ||     1
    Use: Scroll            |       |     5 |     8 |     2 ||    15
         Potion            |       |       |     3 |       ||     3
 Armour: Robe              |     1 |       |    59 |    37 ||    97
         Leather armour    |     3 |    30 |    43 |       ||    76
         Skin              |       |       |     2 |       ||     2
  Dodge: Dodged            |    11 |    35 |    81 |    75 ||   202

Table legend: (Time is in decaauts)
 A = Elapsed time spent in this place.
 B = Non-inter-level travel time spent in this place.
 C = Inter-level travel time spent in this place.
 D = Time resting spent in this place.
 E = Time spent auto-exploring this place.
 F = Levels seen in this place.
 G = Mean time per level.
                   A        B        C        D        E       F      G
               +--------+--------+--------+--------+--------+-----+--------+
         Total |   8320 |   8031 |    289 |   1286 |   4959 |  10 |  832.0 |
       Dungeon |   8271 |   7982 |    289 |   1286 |   4938 |   9 |  919.0 |
        Temple |     48 |     48 |      0 |      0 |     21 |   1 |   48.0 |
               +--------+--------+--------+--------+--------+-----+--------+

Top non-repeatable levels by time:
     D:7: 1455 daAuts
     D:5: 1364 daAuts
     D:2: 1128 daAuts
     D:8: 915 daAuts
     D:6: 815 daAuts
     D:1: 809 daAuts
     D:3: 765 daAuts
     D:9: 511 daAuts
     D:4: 504 daAuts
  Temple: 48 daAuts
